 Dungeon Crawl Stone Soup version 0.27-b1-2-g8387495791 (webtiles) character file.

Game seed: 2394134952003197040

45 pikapanic the Caller (level 3, -4/25 HPs)
             Began as a Merfolk Summoner on July 26, 2021.
             Slain by an orc (8 damage)
             ... on level 3 of the Dungeon.
             The game lasted 00:17:36 (2757 turns).

pikapanic the Caller (Merfolk Summoner)             Turns: 2757, Time: 00:17:37

Health: -4/25      AC:  2    Str:  8    XL:     3   Next: 64%
Magic:  3/7        EV: 12    Int: 15    God:
Gold:   42         SH:  0    Dex: 14    Spells: 1/7 levels left

rFire    . . .     SeeInvis .   k - +4 quarterstaff (chaos)
rCold    . . .     Faith    .   (shield currently unavailable)
rNeg     . . .     Spirit   .   a - +0 robe
rPois    .         Reflect  .   (no helmet)
rElec    .         Harm     .   (no cloak)
rCorr    .         Rampage  .   (no gloves)
Will     .....                  (no boots)
Stlth    +.........             (no amulet)
HPRegen  0.08/turn              (no ring)
MPRegen  0.10/turn              (no ring)

@: brilliant, silenced
A: (nimble swimmer 2), mertail
a: no special abilities


You were on level 3 of the Dungeon.
You visited 1 branch of the dungeon, and saw 4 of its levels.

You collected 42 gold pieces.

Inventory:

Hand Weapons
 c - a +0 short sword
 f - a +0 halberd
 k - a +4 quarterstaff of chaos (weapon)
 m - a +1 mace of draining
Missiles
 i - a throwing net
Armour
 a - a +0 robe (worn)
 d - a +0 chain mail
 h - a +0 leather armour
 l - a +0 cloak
Jewellery
 e - a ring of ice


   Skills:
 + Level 0.3 Fighting
 + Level 0.5 Short Blades
 - Level 2.6 Dodging
 - Level 2.1 Stealth
 + Level 0.2 Unarmed Combat
 + Level 2.8 Spellcasting
 + Level 4.6 Summonings


You had one spell level left.
You knew the following spells:

 Your Spells              Type           Power      Damage    Failure   Level
a - Summon Small Mammal   Summ           92%        N/A       3%          1
b - Call Imp              Summ           23%        N/A       4%          2
c - Summon Guardian Gole  Hex/Summ       13%        N/A       24%         3

Your spell library contained the following spells:

 Spells                   Type           Power      Damage    Failure   Level
 Call Canine Familiar     Summ           23%        N/A       10%         3
 Summon Lightning Spire   Summ/Air       13%        N/A       61%         4


Dungeon Overview and Level Annotations

Branches:
Dungeon (4/15)
 Temple: D:4-7

Altars:


Innate Abilities, Weirdness & Mutations

((You are quick and stealthy near water. (Stealth+, EV+, Speed+++)))
Your lower body shifts to a powerful aquatic tail in water.


Message History

The quokka bites you.
There is a stone staircase leading down here.
The quokka twitches its whiskers.
The quokka barely misses you.
Your crimson imp blinks!
The orc closely misses you.
You climb downwards.
An orc and 2 orc wizards come into view.
The orc shouts!
The orc wizard shouts!
There is a stone staircase leading up here.
You can't go down here!
Unknown command.
The quokka barely misses you. The quokka bites you.
You climb upwards.
The orc barely misses you. The orc hits you with a +0 flail.
* * * LOW HITPOINT WARNING * * *
There is a stone staircase leading down here.
Okay, then.
Casting: Call Imp (safe; 4% risk of failure)
Confirm with . or Enter, or press ? or * to list all spells.
A metallic apparition takes form in the air.
The quokka bites you.
* * * LOW HITPOINT WARNING * * *
The orc completely misses you. The orc closely misses you.
It was a potion of brilliance.
You feel clever all of a sudden. The quokka closely misses you.
The orc hits you from afar with a +0 trident.
* * * LOW HITPOINT WARNING * * *
The orc misses you.
As you read the scroll labelled OQOMUCK QUUCASS, it crumbles to dust.
It is a scroll of enchant weapon.
Your +3 quarterstaff of chaos glows red for a moment.
The quokka closely misses you.
Your iron imp hits the quokka.
The quokka dies!
The orc barely misses you. The orc closely misses you.
As you read the scroll labelled CYRGHUCLIOZ, it crumbles to dust.
A profound silence engulfs you.
It was a scroll of silence.
The orc hits your iron imp with a +0 flail.
The orc hits you from afar with a +0 trident!
You die...

###.###.# ..
##.## ###
##...##
###.#..$..#
.[........#
>##.#)..o.#
#.##..go# #
##Z#o#######
#.#@5......
#.#########
..# ###


You could see 3 orcs, a hobgoblin and a friendly iron imp (summoned).

Vanquished Creatures
  2 endoplasms (D:1)
2 creatures vanquished.

Vanquished Creatures (collateral kills)
  Crazy Yiuf (D:2)
  An adder (D:2)
  A worm (D:2)
  A dart slug (D:1)
  3 bats
  An endoplasm (D:1)
  A giant cockroach (D:1)
  2 goblins (D:1)
  3 hobgoblins (D:1)
  6 jackals (D:1)
  2 kobolds (D:1)
  2 quokkas
  5 ball pythons
  3 frilled lizards
  3 rats
35 creatures vanquished.

Grand Total: 37 creatures vanquished

Notes
Turn   | Place    | Note
-------+----------+-------------------------------------------
     0 | D:1      | pikapanic the Merfolk Summoner began the quest for the Orb.
     0 | D:1      | Reached XP level 1. HP: 13/13 MP: 3/3
   734 | D:1      | Reached XP level 2. HP: 19/19 MP: 5/5
   737 | D:1      | Learned a level 2 spell: Call Imp
   893 | D:1      | Found a faded altar of an unknown god.
  1808 | D:2      | Reached XP level 3. HP: 24/24 MP: 3/6
  1812 | D:2      | Learned a level 3 spell: Summon Guardian Golem
  2565 | D:2      | Found a runed translucent door.
  2566 | D:2      | Noticed Crazy Yiuf
  2580 | D:2      | Killed Crazy Yiuf
  2757 | D:3      | Slain by an orc

Illustrated notes

Levels and vault maps discovered:
D:1:      erik_arrival_triangle_small, layout_loops_ring,
          dreamdust_ecumenical_altar_statues
D:2:      layout_loops_cross, uniq_crazy_yiuf_cottage
D:3:      layout_loops_ring, fedhas_altar_1, mainiacjoe_overflow_alcove_1,
          uniq_ijyb
D:4:      layout_basic, cheibrodos_ashenzari_chains,
          nicolae_ru_the_path_less_chosen

Action                   || total
-------------------------++-------
Melee: Short sword       ||     8
       Unarmed           ||     2
       Quarterstaff      ||     2
       Halberd           ||     1
 Cast: Summon Small Mamm ||    10
       Call Imp          ||    25
  Use: Scroll            ||     2
       Potion            ||     1
Armor: Robe              ||    16
Dodge: Dodged            ||    62
